[ AOE2 MATCH · #504798066 ]
UnrankedSicilians vs Cumans
Player's team · LOSS
Rival team · WIN
[ REPLAY ANALYSIS · EXTRACTED FROM THE RECORDED GAME ]
Feudal
10:09
Castle
16:27
Imperial
—
| APM avg | 55.9 |
| APM peak | 96 |
| eAPM avg | 22.2 |
| Villagers / military | 45 / 11 |
Focus
⚔️ 44.3% · 🌾 55.7%
Knight ×11
Feudal
9:16
Castle
—
Imperial
—
| APM avg | 56.2 |
| APM peak | 76 |
| eAPM avg | 27.1 |
| Villagers / military | 90 / 38 |
Focus
⚔️ 38.5% · 🌾 61.5%
Spearman ×20 · Scout Cavalry ×18
Match map
Initial resources + every placement click. Lines = walls · curves = elevation contours. ◆ gold · ⬟ stone · ● berries · ✦ relic · ◌ wall gap
Your base· Open — 3t gap
GdR_Scugo's base· Open — unwalled flank
Smoothed initial terrain · ◌ = detected wall gap · hover for details
Inputs per minute
— PigeonOnABrick - - GdR_Scugo
Build order — PigeonOnABrick
113 actions detected in the replay
| 0:01 | Queue | Villager (Male) |
| 0:01 | Queue | Villager (Male) |
| 0:02 | Build | House |
| 0:04 | Build | House |
| 0:32 | Queue | Villager (Male) |
| 0:32 | Queue | Villager (Male) |
| 0:33 | Queue | Villager (Male) |
| 1:24 | Queue | Villager (Male) |
| 1:58 | Queue | Villager (Male) |
| 1:58 | Queue | Villager (Male) |
| 2:11 | Build | Lumber Camp |
| 2:18 | Queue | Villager (Male) |
| 2:46 | Queue | Villager (Male) |
| 2:46 | Queue | Villager (Male) |
| 3:07 | Queue | Villager (Male) |
| 3:41 | Queue | Villager (Male) |
| 4:07 | Queue | Villager (Male) |
| 4:13 | Build | House |
| 4:14 | Build | House |
| 4:33 | Research | Loom |
| 4:36 | Queue | Villager (Male) |
| 5:04 | Build | Mill |
| 5:08 | Queue | Villager (Male) |
| 5:54 | Queue | Villager (Male) |
| 6:08 | Queue | Villager (Male) |
| 6:40 | Queue | Villager (Male) |
| 6:46 | Build | Farm |
| 6:53 | Build | Farm |
| 6:56 | Queue | Villager (Male) |
| 7:12 | Queue | Villager (Male) |
| 7:44 | Build | Mining Camp |
| 7:52 | Research | Feudal Age |
| 8:58 | Build | Farm |
| 9:45 | Queue | Villager (Male) |
| 9:45 | Queue | Villager (Male) |
| 10:09 | Age | Feudal Age |
| 10:11 | Build | Blacksmith |
| 10:14 | Build | Palisade Wall |
| 10:52 | Queue | Villager (Male) |
| 11:18 | Build | Market |
| 11:25 | Queue | Villager (Male) |
| 11:27 | Build | House |
| 11:49 | Build | Palisade Wall |
| 12:00 | Build | Donjon |
| 12:31 | Build | Donjon |
| 12:34 | Build | House |
| 12:35 | Queue | Villager (Male) |
| 12:43 | Build | Palisade Wall |
| 12:51 | Build | Palisade Wall |
| 13:22 | Build | Palisade Wall |
| 13:23 | Build | Palisade Wall |
| 13:24 | Build | Palisade Wall |
| 13:24 | Build | Palisade Wall |
| 13:30 | Build | House |
| 13:32 | Build | House |
| 13:34 | Build | Palisade Wall |
| 13:40 | Build | Farm |
| 13:47 | Research | Castle Age |
| 13:48 | Research | Castle Age |
| 15:06 | Build | Donjon |
| 15:18 | Queue | Villager (Male) |
| 15:28 | Queue | Villager (Male) |
| 15:53 | Build | Stable |
| 16:17 | Build | Farm |
| 16:22 | Research | Double-Bit Axe |
| 16:27 | Age | Castle Age |
| 17:06 | Queue | Knight |
| 17:31 | Build | Farm |
| 17:34 | Build | Farm |
| 17:43 | Queue | Villager (Male) |
| 18:37 | Build | Lumber Camp |
| 18:46 | Build | House |
| 18:53 | Queue | Villager (Male) |
| 19:05 | Build | Palisade Wall |
| 19:28 | Queue | Knight |
| 19:29 | Queue | Villager (Male) |
| 20:16 | Queue | Villager (Male) |
| 20:24 | Queue | Villager (Male) |
| 20:29 | Queue | Villager (Male) |
| 20:30 | Queue | Knight |
| 20:53 | Queue | Villager (Male) |
| 21:26 | Queue | Knight |
| 21:26 | Queue | Knight |
| 21:33 | Build | Palisade Wall |
| 21:46 | Build | Farm |
| 21:47 | Build | Farm |
| 21:59 | Queue | Knight |
| 22:29 | Build | Siege Workshop |
| 22:46 | Queue | Knight |
| 22:47 | Queue | Villager (Male) |
| 23:03 | Build | House |
| 23:04 | Build | Palisade Wall |
| 23:05 | Queue | Villager (Male) |
| 23:20 | Queue | Villager (Male) |
| 23:35 | Queue | Villager (Male) |
| 24:02 | Queue | Knight |
| 24:06 | Build | Farm |
| 24:28 | Build | Farm |
| 24:30 | Build | Farm |
| 24:35 | Queue | Villager (Male) |
| 24:53 | Queue | Villager (Male) |
| 25:11 | Build | Farm |
| 25:12 | Queue | Villager (Male) |
| 25:13 | Research | Bow Saw |
| 25:33 | Build | Farm |
| 25:43 | Queue | Knight |
| 25:46 | Queue | Villager (Male) |
| 25:49 | Build | Farm |
| 25:51 | Build | Farm |
| 26:02 | Queue | Villager (Male) |
| 26:23 | Queue | Knight |
| 26:41 | Queue | Villager (Male) |
| 26:51 | Queue | Knight |
Build order — GdR_Scugo
First 150 of 219 actions detected
| 0:01 | Queue | Villager (Male) |
| 0:01 | Queue | Villager (Male) |
| 0:02 | Queue | Villager (Male) |
| 0:02 | Queue | Villager (Male) |
| 0:02 | Queue | Villager (Male) |
| 0:04 | Build | House |
| 0:05 | Build | House |
| 1:25 | Queue | Villager (Male) |
| 1:25 | Queue | Villager (Male) |
| 1:49 | Queue | Villager (Male) |
| 2:22 | Queue | Villager (Male) |
| 2:23 | Build | Lumber Camp |
| 2:45 | Queue | Villager (Male) |
| 3:08 | Build | House |
| 3:10 | Queue | Villager (Male) |
| 3:34 | Queue | Villager (Male) |
| 3:35 | Queue | Villager (Male) |
| 4:07 | Queue | Villager (Male) |
| 4:31 | Build | Mill |
| 4:41 | Queue | Villager (Male) |
| 4:45 | Queue | Villager (Male) |
| 5:09 | Queue | Villager (Male) |
| 5:11 | Research | Loom |
| 5:15 | Research | Loom |
| 5:21 | Queue | Villager (Male) |
| 5:32 | Queue | Villager (Male) |
| 5:35 | Research | Loom |
| 5:36 | Research | Loom |
| 6:04 | Queue | Villager (Male) |
| 6:04 | Research | Loom |
| 6:19 | Build | House |
| 7:05 | Research | Feudal Age |
| 7:05 | Research | Feudal Age |
| 7:13 | Build | Lumber Camp |
| 8:32 | Build | Barracks |
| 8:43 | Build | House |
| 8:48 | Queue | Villager (Male) |
| 8:54 | Queue | Villager (Male) |
| 9:16 | Age | Feudal Age |
| 9:18 | Queue | Villager (Male) |
| 9:20 | Build | Stable |
| 9:26 | Queue | Villager (Male) |
| 9:42 | Research | Double-Bit Axe |
| 9:45 | Research | Horse Collar |
| 9:52 | Queue | Villager (Male) |
| 9:54 | Build | Farm |
| 10:07 | Queue | Scout Cavalry |
| 10:09 | Queue | Villager (Male) |
| 10:11 | Build | Farm |
| 10:27 | Queue | Scout Cavalry |
| 10:37 | Build | Watch Tower |
| 10:45 | Queue | Villager (Male) |
| 10:48 | Queue | Scout Cavalry |
| 10:56 | Queue | Villager (Male) |
| 11:00 | Build | Mining Camp |
| 11:13 | Build | House |
| 11:18 | Queue | Villager (Male) |
| 11:27 | Build | Farm |
| 11:32 | Build | Farm |
| 11:39 | Queue | Villager (Male) |
| 11:44 | Build | Farm |
| 11:51 | Queue | Villager (Male) |
| 12:18 | Queue | Villager (Male) |
| 12:27 | Queue | Scout Cavalry |
| 12:35 | Build | Farm |
| 12:49 | Queue | Scout Cavalry |
| 12:58 | Queue | Villager (Male) |
| 13:03 | Build | Watch Tower |
| 13:21 | Queue | Villager (Male) |
| 13:24 | Build | Watch Tower |
| 13:30 | Queue | Villager (Male) |
| 13:37 | Queue | Villager (Male) |
| 13:40 | Build | House |
| 14:02 | Queue | Villager (Male) |
| 14:05 | Build | Farm |
| 14:26 | Queue | Villager (Male) |
| 14:28 | Build | Farm |
| 14:37 | Queue | Villager (Male) |
| 14:39 | Queue | Villager (Male) |
| 14:43 | Queue | Villager (Male) |
| 14:45 | Build | Town Center |
| 14:55 | Queue | Villager (Male) |
| 15:31 | Queue | Villager (Male) |
| 15:37 | Build | House |
| 15:48 | Build | Watch Tower |
| 15:55 | Queue | Villager (Male) |
| 15:59 | Build | House |
| 16:00 | Build | House |
| 16:04 | Queue | Villager (Male) |
| 16:08 | Build | Farm |
| 16:13 | Queue | Villager (Male) |
| 16:21 | Build | Blacksmith |
| 16:27 | Queue | Scout Cavalry |
| 16:39 | Queue | Villager (Male) |
| 16:47 | Queue | Scout Cavalry |
| 16:51 | Queue | Villager (Male) |
| 16:53 | Queue | Villager (Male) |
| 16:56 | Build | Watch Tower |
| 17:04 | Research | Fletching |
| 17:04 | Research | Fletching |
| 17:07 | Build | Farm |
| 17:07 | Build | Farm |
| 17:33 | Queue | Villager (Male) |
| 17:35 | Build | Farm |
| 17:36 | Queue | Villager (Male) |
| 17:53 | Queue | Villager (Male) |
| 17:55 | Build | Farm |
| 17:56 | Build | Farm |
| 18:40 | Queue | Villager (Male) |
| 18:40 | Queue | Villager (Male) |
| 18:42 | Queue | Villager (Male) |
| 18:45 | Queue | Scout Cavalry |
| 18:46 | Queue | Scout Cavalry |
| 18:50 | Build | Watch Tower |
| 18:52 | Queue | Villager (Male) |
| 19:00 | Build | Watch Tower |
| 19:03 | Queue | Spearman |
| 19:10 | Build | Palisade Wall |
| 19:16 | Queue | Villager (Male) |
| 19:16 | Queue | Villager (Male) |
| 19:21 | Build | Market |
| 19:22 | Queue | Villager (Male) |
| 19:30 | Queue | Villager (Male) |
| 20:18 | Queue | Villager (Male) |
| 20:18 | Queue | Villager (Male) |
| 20:20 | Build | Palisade Wall |
| 20:21 | Build | Palisade Wall |
| 20:27 | Queue | Scout Cavalry |
| 20:28 | Queue | Scout Cavalry |
| 20:35 | Build | Mining Camp |
| 20:36 | Queue | Villager (Male) |
| 20:37 | Queue | Villager (Male) |
| 20:58 | Queue | Villager (Male) |
| 21:04 | Research | Forging |
| 21:07 | Build | House |
| 21:15 | Queue | Villager (Male) |
| 21:18 | Build | Farm |
| 21:19 | Queue | Villager (Male) |
| 21:30 | Queue | Villager (Male) |
| 21:35 | Research | Bloodlines |
| 21:36 | Queue | Villager (Male) |
| 21:45 | Build | House |
| 21:52 | Build | Stable |
| 21:53 | Queue | Villager (Male) |
| 22:07 | Build | House |
| 22:11 | Queue | Scout Cavalry |
| 22:11 | Queue | Scout Cavalry |
| 22:12 | Queue | Scout Cavalry |
| 22:19 | Queue | Spearman |
| 22:19 | Queue | Spearman |
Match timeline
| 8:32 | GdR_Scugo · first_building Barracks |
| 9:16 | GdR_Scugo · age_up feudal |
| 9:20 | GdR_Scugo · first_building Stable |
| 10:09 | PigeonOnABrick · age_up feudal |
| 10:14 | PigeonOnABrick · wall_segment Palisade Wall x1 |
| 11:49 | PigeonOnABrick · wall_segment Palisade Wall x3 |
| 12:00 | PigeonOnABrick · first_building Donjon |
| 12:43 | PigeonOnABrick · wall_segment Palisade Wall x5 |
| 12:51 | PigeonOnABrick · wall_segment Palisade Wall x2 |
| 13:04 | PigeonOnABrick · first_market_buy 100 food |
| 13:22 | PigeonOnABrick · wall_segment Palisade Wall x2 |
| 13:23 | PigeonOnABrick · wall_segment Palisade Wall x1 |
| 13:24 | PigeonOnABrick · wall_segment Palisade Wall x1 |
| 13:24 | PigeonOnABrick · wall_segment Palisade Wall x1 |
| 13:34 | PigeonOnABrick · wall_segment Palisade Wall x1 |
| 14:27 | PigeonOnABrick · first_market_sell 100 wood |
| 15:53 | PigeonOnABrick · first_building Stable |
| 16:27 | PigeonOnABrick · age_up castle |
| 19:05 | PigeonOnABrick · wall_segment Palisade Wall x1 |
| 19:10 | GdR_Scugo · wall_segment Palisade Wall x1 |
| 20:20 | GdR_Scugo · wall_segment Palisade Wall x1 |
| 20:21 | GdR_Scugo · wall_segment Palisade Wall x1 |
| 21:01 | GdR_Scugo · first_market_sell 100 wood |
| 21:03 | GdR_Scugo · first_market_buy 100 food |
| 21:33 | PigeonOnABrick · wall_segment Palisade Wall x2 |
| 22:29 | PigeonOnABrick · first_building Siege Workshop |
| 23:04 | PigeonOnABrick · wall_segment Palisade Wall x1 |
| 27:14 | PigeonOnABrick · resign |
[ AI ANALYSIS · 1 CREDIT ]
What really happened in this match?
Wolo.gg analyzes every decision: build order, eco, micro, common mistakes by bracket. Personalized analysis on WhatsApp or Discord in 30 seconds.
Civ guide
Sicilians
Perfil
PigeonOnABrick